 Dungeon Crawl Stone Soup version 0.18-a0-988-gb7d270e (webtiles) character file.

29 ChainedDjango the Skirmisher (level 3, -1/29 HPs)
             Began as a Demonspawn Gladiator on Jan 3, 2016.
             Was an Initiate of Makhleb.
             Slain by Jessica (2 damage)
             ... on level 2 of the Dungeon.
             The game lasted 00:01:20 (1312 turns).

ChainedDjango the Skirmisher (Demonspawn Gladiator) Turns: 1312, Time: 00:01:20

Health: -1/29      AC:  6    Str: 16    XL:     3   Next: 1%
Magic:  3/3        EV: 11    Int:  9    God:    Makhleb [......]
Gold:   79         SH:  0    Dex: 13    Spells: 0 memorised, 2 levels left

rFire  . . .     SeeInvis .     a - +0 quarterstaff
rCold  . . .     Gourm    .     e - +0 ring mail
rNeg   . . .     Faith    .     (shield currently unavailable)
rPois  .         Spirit   .     c - +0 helmet
rElec  .         Dismiss  .     (no cloak)
rCorr  .         Reflect  .     (no gloves)
SustAt .         Harm     .     (no boots)
MR     .....                    (no amulet)
Stlth  +.........               (no ring)
                                (no ring)

@: not resistant to hostile enchantments, very unstealthy
A: talons 1
a: Renounce Religion


You were on level 2 of the Dungeon.
You worshipped Makhleb.
Makhleb was noncommittal.
You were not hungry.

You visited 1 branch of the dungeon, and saw 2 of its levels.

You collected 79 gold pieces.

Inventory:

Hand Weapons
 a - a +0 quarterstaff (weapon)
Missiles
 d - 3 throwing nets (quivered)
Armour
 b - a +0 leather armour
 c - a +0 helmet (worn)
 e - a +0 ring mail (worn)
Jewellery
 g - an uncursed ring of flight {unknown}
 q - an uncursed ring of poison resistance {unknown}
Scrolls
 h - a scroll of teleportation {unknown}
 l - a scroll of noise {unknown}
 m - a scroll of identify {unknown}
 n - a scroll of immolation {unknown}
 p - a scroll of enchant armour {unknown}
Potions
 i - a potion of cure mutation {unknown}
 j - a potion of haste {unknown}
 k - a potion of heal wounds {unknown}
 o - a potion of curing {unknown}
 r - 2 potions of flight {unknown}
Comestibles
 f - a bread ration


   Skills:
 * Level 3.5 Fighting
 - Level 2.6 Staves
 - Level 1.7 Throwing
 - Level 2.6 Dodging


You had 2 spell levels left.
You didn't know any spells.

Dungeon Overview and Level Annotations

Branches:
Dungeon (2/15)

Altars:
Makhleb

Annotations:
D:2 Jessica


Innate Abilities, Weirdness & Mutations

You have sharp toenails.


Message History

Jessica gestures at you while chanting. Pain shoots through your body!
Jessica is nearby!
You hit Jessica. Your kick misses Jessica.
Jessica is heavily wounded.
Jessica casts a spell at you. Pain shoots through your body!
* * * LOW HITPOINT WARNING * * *
You are too injured to fight recklessly!
Jessica is nearby!
You are too injured to fight recklessly!
Jessica is nearby!
You are too injured to fight recklessly!
Jessica is nearby!
You are too injured to fight recklessly!
You closely miss Jessica. Your kick misses Jessica.
Jessica is heavily wounded.
Jessica mumbles something strange.
Jessica hits you.
You die...

..# ### #.# #.. #.# ...
#.#
###.#####.##########
.................... #
##.###.#.#########. #..
#@#...#.#.......#.
#....#@#.#.#.#.#####.#.
#......†.(.............
#........#.#.#####.####
###.#.####.#...........
#... ..#......##.####
#...##.######.##.####
#...†#.# #[##.....
#....#.######.##.....
###..>..............###


You could see Jessica.

Vanquished Creatures
  A worm (D:2)
  A giant gecko (D:1)
  2 giant cockroaches (D:1)
  2 goblins (D:1)
  2 hobgoblins (D:1)
  7 kobolds
  A quokka (D:2)
  A ball python (D:2)
  2 bats
  A giant newt (D:1)
  6 rats
26 creatures vanquished.

Notes
Turn   | Place    | Note
--------------------------------------------------------------
     0 | D:1      | ChainedDjango the Demonspawn Gladiator began the quest for the Orb.
     0 | D:1      | Reached XP level 1. HP: 16/16 MP: 1/1
   310 | D:1      | Gained mutation: You have sharp toenails. [demonic ancestry]
   310 | D:1      | Reached XP level 2. HP: 23/23 MP: 2/2
   433 | D:1      | Reached skill level 3 in Fighting
  1078 | D:2      | Found a burning altar of Makhleb.
  1098 | D:2      | Became a worshipper of Makhleb the Destroyer
  1308 | D:2      | Reached XP level 3. HP: 19/29 MP: 3/3
  1309 | D:2      | Noticed Jessica
  1311 | D:2      | HP: 1/29 [Jessica/nerve-wracking pain (12)]
  1312 | D:2      | Slain by Jessica

Vault maps used:
D:1:      dpeg_arrival_chase, serial_co_window_serial, co_window_corner_a,
          co_window_paths_a, co_window_paths_a, co_window_paths_b,
          co_window_corner_a, co_window_unsneaky_path_c,
          co_window_of_opportunity_b, co_window_broadway_b, co_window_corner_b,
          co_window_4corner_a, glass_columns_b, glass_columns_b,
          glass_columns_c, glass_columns_b, minmay_tree_intersection,
          moated_statue
D:2:      nicolae_overflow_crystal_walls, uniq_jessica

Action                   || total
-------------------------++-------
Melee: Quarterstaff      ||    67
  Eat: Chunk             ||     1
